Map: Ley Lines

Players

Kyle

  • Race: Terran Terran
  • League: Platinum
  • Spawn Location: 7:00

SubN - Winner!

  • Race: Zerg Zerg
  • League: Diamond
  • Spawn Location: 1:00

VOD

Have the link to the VOD?

Description

Time

  • Played on: July 28, 2025, 6:37 p.m.
  • Length: 15:09
Show
View Real Time Build Order
Export as new Build Order

Kyle Terran 

Build Orders:  

Get SALT Encoding   

  12  0:01  SCV  
  13  0:13  SCV  
  14  0:17  Supply Depot  
  14  0:25  SCV  
  15  0:39  SCV  
  15  0:41  Barracks  
  16  0:51  SCV  
  17  1:02  Supply Depot  
  17  1:03  SCV  
  18  1:15  SCV  
  19  1:26  Refinery  
  19  1:27  Refinery, SCV  
  19  1:32  Bunker  
  20  1:33  Marine  
  22  1:40  SCV  
  22  1:50  Marine  
  22  1:52  SCV  
  24  2:04  SCV  
  25  2:08  Marine  
  25  2:09  Command Center  
  26  2:16  SCV  
  27  2:26  Marine  
  28  2:32  Engineering Bay  
  28  2:33  Orbital Command  
  28  3:14  Command Center  
  28  3:16  SCV  
  28  3:18  Factory  
  29  3:28  SCV, Planetary Fortress  
  30  3:38  Hi-Sec Auto Tracking  
  30  3:41  SCV  
  31  3:53  SCV  
  32  4:03  Factory Tech Lab  
  32  4:05  SCV  
  33  4:13  Supply Depot, SCV  
  34  4:17  SCV  
  34  4:22  Missile Turret  
  35  4:25  SCV  
  35  4:27  Siege Tank  
  35  4:29  SCV  
  40  4:35  Supply Depot  
  40  4:37  SCV  
  41  4:41  SCV  
  41  4:45  Missile Turret, Planetary Fortress  
  42  4:49  SCV  
  42  4:53  SCV  
  43  5:01  SCV  
  43  5:05  SCV  
  44  5:07  Siege Tank  
  47  5:16  SCV  
  47  5:17  SCV  
  49  5:21  Refinery  
  49  5:22  SCV  
  49  5:24  Refinery  
  50  5:28  SCV  
  50  5:29  Neosteel Armor, SCV  
  50  5:34  SCV  
  53  5:39  Siege Tank  
  53  5:40  SCV  
  53  5:42  SCV  
  58  5:44  Missile Turret  
  58  5:47  SCV  
  58  5:49  Missile Turret  
  59  5:52  SCV  
  59  5:54  SCV  
  59  5:56  Missile Turret  
  61  5:59  Refinery, SCV  
  62  6:04  SCV  
  62  6:06  SCV  
  62  6:07  Missile Turret  
  62  6:11  SCV  
  65  6:17  Missile Turret, Sensor Tower, SCV  
  65  6:18  SCV  
  67  6:22  Sensor Tower  
  67  6:23  SCV  
  67  6:24  Starport  
  68  6:27  Armory  
  68  6:29  SCV  
  68  6:30  SCV  
  68  6:31  Armory  
  70  6:35  SCV  
  70  6:36  Supply Depot  
  70  6:37  Supply Depot  
  70  6:39  Refinery  
  71  6:42  SCV  
  72  6:47  SCV  
  72  6:50  Missile Turret  
  73  6:54  SCV  
  73  6:59  SCV  
  75  7:06  SCV  
  76  7:11  SCV  
  76  7:14  Starport Tech Lab  
  77  7:18  Fusion Core, Terran Ship Weapons Level 1, SCV  
  77  7:20  Command Center, Terran Vehicle And Ship Armor Level 1  
  78  7:23  SCV  
  78  7:28  Starport  
  79  7:30  Starport  
  79  7:31  Starport  
  79  7:32  Starport  
  79  7:35  SCV  
  80  7:41  Siege Tank  
  83  8:05  Starport Tech Lab  
  83  8:07  Weapon Refit  
  83  8:09  Starport Tech Lab x2  
  83  8:11  Supply Depot  
  83  8:12  Supply Depot x2  
  83  8:13  Siege Tank  
  83  8:14  Starport Tech Lab  
  83  8:15  Battlecruiser  
  92  8:27  Supply Depot  
  92  8:33  Planetary Fortress  
  91  8:44  Missile Turret  
  91  8:48  Missile Turret  
  88  8:50  Supply Depot  
  87  8:57  Battlecruiser  
  87  8:58  Battlecruiser  
  83  9:14  Supply Depot  
  67  9:39  Command Center, Battlecruiser x2  
  67  9:41  Command Center  
  79  9:57  Missile Turret  
  79  10:00  Missile Turret  
  79  10:02  Missile Turret x2  
  79  10:03  Missile Turret  
  79  10:18  Refinery  
  79  10:20  Siege Tank  
  82  10:22  Refinery  
  82  10:25  SCV  
  83  10:28  SCV  
  84  10:36  Sensor Tower  
  84  10:37  SCV  
  84  10:40  SCV  
  84  10:41  Terran Ship Weapons Level 2  
  86  10:44  Terran Vehicle And Ship Armor Level 2  
  86  10:49  SCV  
  87  10:53  Siege Tank, SCV  
  91  11:01  SCV  
  92  11:13  SCV  
  92  11:14  Missile Turret  
  71  12:00  Planetary Fortress  
  71  12:06  Missile Turret  
  71  12:13  Siege Tank  
  74  12:16  Battlecruiser x2  
  86  12:27  Missile Turret  
  86  12:28  Refinery  
  86  12:29  Refinery  
  86  12:39  SCV  
  87  12:45  Siege Tank, Battlecruiser  
  87  12:47  Missile Turret  
  96  12:51  SCV  
  96  12:55  Command Center  
  97  13:04  SCV  
  98  13:10  Missile Turret x2  
  98  13:16  SCV  
  98  13:18  Siege Tank  
  102  13:21  Sensor Tower  
  99  13:28  SCV  
  96  13:40  SCV  
  90  13:52  SCV  
  73  14:04  SCV  
  73  14:08  Viking x5  
  70  14:38  Viking x5  
Show
View Real Time Build Order
Export as new Build Order

SubN Zerg - Winner!

Build Orders: Hatch First 

Get SALT Encoding   

  12  0:00  Drone  
  13  0:13  Overlord  
  13  0:20  Drone  
  14  0:31  Drone x2  
  16  0:51  Drone, Hatchery  
  16  0:54  Drone  
  17  0:57  Drone  
  17  1:00  Extractor  
  17  1:15  Spawning Pool  
  17  1:17  Drone  
  17  1:21  Drone  
  18  1:29  Drone  
  19  2:02  Zergling x6, Queen  
  19  2:03  Queen  
  26  2:11  Overlord  
  26  2:17  Metabolic Boost  
  26  2:20  Overlord  
  26  2:28  Drone x2  
  28  2:30  Drone  
  29  2:39  Queen  
  31  2:45  Drone  
  31  2:46  Drone  
  31  3:10  Drone x5  
  35  3:22  Overlord  
  35  3:23  Hatchery  
  34  3:41  Drone x6  
  34  3:44  Lair  
  40  3:52  Roach Warren  
  40  3:53  Overlord  
  39  4:00  Queen  
  41  4:04  Overlord  
  41  4:12  Zergling x4  
  41  4:16  Drone x4  
  47  4:17  Drone  
  47  4:21  Extractor  
  47  4:32  Drone  
  47  4:35  Drone x7  
  55  4:39  Queen  
  55  4:57  Drone x9  
  64  5:08  Spore Crawler  
  64  5:10  Pneumatized Carapace  
  64  5:14  Queen  
  65  5:23  Overlord x2  
  65  5:24  Overlord  
  65  5:28  Extractor  
  64  5:30  Drone  
  64  5:34  Overlord x2  
  65  5:39  Extractor  
  65  5:41  Queen  
  65  5:42  Drone x2  
  68  5:43  Drone x2  
  68  5:44  Drone  
  68  5:47  Drone x2  
  68  5:49  Drone  
  74  5:53  Queen  
  74  5:56  Drone x2, Spire  
  77  5:57  Baneling Nest  
  76  6:05  Glial Reconstitution  
  76  6:07  Drone x2  
  78  6:12  Evolution Chamber  
  78  6:14  Evolution Chamber  
  76  6:22  Roach  
  76  6:23  Roach x10  
  98  6:30  Extractor  
  97  6:33  Drone  
  97  6:35  Drone x2  
  100  6:43  Drone  
  101  6:49  Centrifugal Hooks  
  101  6:50  Overlord  
  101  6:51  Zergling x2, Overlord  
  101  6:52  Zergling x6  
  105  6:56  Overlord x4  
  105  6:57  Overlord  
  105  6:59  Overseer  
  105  7:00  Overseer  
  105  7:03  Extractor  
  105  7:04  Hatchery  
  105  7:07  Zerg Ground Armor Level 1  
  103  7:10  Zerg Melee Weapons Level 1  
  103  7:15  Ravager x4  
  107  7:17  Ravager  
  107  7:19  Zergling x22  
  119  7:29  Overlord  
  119  7:31  Overlord  
  119  7:33  Overlord  
  119  7:36  Drone  
  120  7:44  Drone  
  121  7:53  Mutalisk x4  
  121  7:55  Mutalisk, Extractor  
  130  8:02  Mutalisk  
  132  8:09  Drone x8  
  132  8:10  Drone x2  
  142  8:16  Overseer, Infestation Pit  
  141  8:28  Baneling x7  
  141  8:29  Baneling x2  
  141  8:44  Roach x6  
  141  8:45  Roach  
  130  9:25  Roach  
  130  9:26  Roach x11  
  130  9:30  Zergling x2  
  130  9:31  Zergling x8  
  159  9:32  Queen  
  161  9:39  Zerg Melee Weapons Level 2, Zerg Missile Weapons Level 1  
  161  9:42  Zerg Flyer Weapons Level 1  
  161  9:48  Corruptor x2  
  163  9:56  Overlord x4  
  163  9:57  Corruptor x2  
  167  10:03  Drone x3  
  167  10:04  Drone x2  
  167  10:05  Drone  
  173  10:08  Drone x3, Extractor  
  173  10:10  Drone  
  176  10:20  Hatchery, Ravager  
  176  10:21  Ravager x2  
  177  10:23  Baneling x8  
  177  10:24  Zergling x2, Baneling  
  177  10:25  Zergling x22  
  190  10:48  Zergling x2  
  190  10:49  Zergling x18  
  200  11:04  Overseer  
  200  11:05  Overseer  
  172  11:33  Zerg Ground Armor Level 2  
  157  11:44  Corruptor x4  
  157  11:45  Corruptor x8  
  157  11:46  Corruptor x2  
  155  11:55  Drone  
  155  11:57  Queen  
  156  12:09  Zergling x2  
  156  12:10  Zergling x32  
  156  12:11  Zergling x4  
  156  12:13  Hive  
  175  12:16  Zerg Missile Weapons Level 2  
  175  12:27  Extractor  
  175  12:28  Extractor  
  175  12:29  Overlord x3  
  173  12:31  Overseer x2  
  173  12:41  Overlord x2  
  173  12:53  Zergling x12  
  173  12:54  Zergling x28  
  173  12:55  Zergling x4  
  195  12:59  Baneling x5  
  195  13:00  Zergling x4, Baneling x3  
  195  13:01  Zergling x4  
  156  14:07  Corruptor x2  
  156  14:08  Corruptor  
  162  14:10  Zergling x26  
  162  14:11  Zergling x40  
  173  14:48  Zergling x2  
  173  14:49  Zergling x24  
Tags
 
Matchup
TvZ
Replay Pack
Multiplayer
Spawn Locations
Cross Positions
Add a new tag
Caveats
  • Supply blocks, unpowered buildings, or Contaminate may cause inaccurate times.
  • Supply counts are checked every 10 seconds.